 Dungeon Crawl Stone Soup version 0.22-a0-395-gfed312b (webtiles) character file.

617 Gildeon the Cleaver (level 7, -9/57 HPs)
             Began as a Minotaur Fighter on May 3, 2018.
             Was a Believer of Okawaru.
             Mangled by an orc warrior
             ... wielding a cursed +0 glaive
              (19 damage)
             ... on level 5 of the Dungeon.
             The game lasted 00:13:12 (3508 turns).

Gildeon the Cleaver (Minotaur Fighter)              Turns: 3508, Time: 00:13:13

Health: -9/57      AC: 12    Str: 20    XL:     7   Next: 21%
Magic:  6/6        EV:  7    Int:  6    God:    Okawaru [**....]
Gold:   171        SH:  0    Dex: 11    Spells: 6/6 levels left

rFire    . . .     SeeInvis .   a - +2 war axe
rCold    . . .     Gourm    .   (no shield)
rNeg     . . .     Faith    .   h - +0 chain mail
rPois    .         Spirit   .   (helmet restricted)
rElec    .         Reflect  .   m - +2 cloak
rCorr    .         Harm     .   (no gloves)
MR       .....                  (no boots)
Stlth    ..........             (no amulet)
HPRegen  0.19/turn              (no ring)
MPRegen  0.10/turn              (no ring)

@: no status effects
A: retaliatory headbutt, horns 2
a: Heroism, Renounce Religion


You were on level 5 of the Dungeon.
You worshipped Okawaru.
Okawaru was pleased with you.
You were not hungry.

You visited 1 branch of the dungeon, and saw 5 of its levels.

You collected 171 gold pieces.

Inventory:

Hand Weapons
 a - a +2 war axe (weapon)
 d - a +2 mace of protection
Missiles
 g - 36 arrows
Armour
 h - a +0 chain mail (worn)
 m - a +2 cloak (worn)
Wands
 l - a wand of iceblast (10)
 n - a wand of digging (8)
Scrolls
 j - a scroll of remove curse
Potions
 b - a potion of cancellation {unknown}
 e - a potion of heal wounds
 i - a potion of curing
 k - 3 potions of degeneration {unknown}
 p - a potion of agility
Comestibles
 f - 7 rations


   Skills:
 - Level 3.6 Fighting
 + Level 9.6 Axes
 - Level 3.6 Armour
   Level 3.6 Shields


You had 6 spell levels left.
You didn't know any spells.

Dungeon Overview and Level Annotations

Branches:
Dungeon (5/15)
 Temple: D:4-7

Altars:
Ashenzari
Dithmenos
Gozag
Hepliaklqana
Makhleb
Okawaru


Innate Abilities, Weirdness & Mutations

You reflexively headbutt those who attack you in melee.
You have a pair of horns on your head.


Message History

You slash the orc wizard!
You kill the orc wizard!
Okawaru accepts your kill.
You slash the orc!
You kill the orc!
Okawaru accepts your kill.
The orc warrior hits you from afar with a glaive!
The orc warrior hits you with a glaive!!
A phantom comes into view.
Items here: )) [ † a dagger x2; a robe; an orc corpse Your chain mail prevents you from hitting the orc warrior.
You slash the orc warrior!
The orc warrior is heavily wounded.
The orc warrior hits you with a glaive!
* * * LOW HITPOINT WARNING * * *
You hit the orc warrior.
The orc warrior is severely wounded.
The orc warrior hits you with a glaive!!
You die...

#.#. #.. .W.
... #.# #.# #
#o# ###.###@#
........# #
###.##†)# .##
#.##..##..$#
####.#........#
.........##...#
#.#.#..## ###
###.#.#..#
#........######


You could see a phantom and an orc warrior.

Vanquished Creatures
  A phantom (D:4)
  An ogre (D:3)
  A scorpion (D:4)
  A hound (D:4)
  An orc priest (D:4)
  Crazy Yiuf (D:3)
  A centaur skeleton (D:5)
  An iguana (D:4)
  3 orc wizards
  2 worker ants
  A howler monkey zombie (D:5)
  5 adders
  A worm (D:2)
  2 leopard geckos
  8 orcs
  5 giant cockroaches
  5 goblins
  8 hobgoblins
  3 kobolds
  A ball python (D:3)
  13 bats
  8 frilled lizards
  5 rats
78 creatures vanquished.

Notes
Turn   | Place    | Note
-------+----------+-------------------------------------------
     0 | D:1      | Gildeon the Minotaur Fighter began the quest for the Orb.
     0 | D:1      | Reached XP level 1. HP: 19/19 MP: 0/0
   124 | D:1      | Reached skill level 3 in Axes
   127 | D:1      | Reached XP level 2. HP: 26/26 MP: 1/1
   435 | D:1      | Reached skill level 4 in Axes
   927 | D:2      | Reached XP level 3. HP: 31/31 MP: 2/2
   972 | D:2      | Found an iron altar of Okawaru.
   987 | D:2      | Became a worshipper of Warmaster Okawaru
  1043 | D:2      | Found a hazy altar of Hepliaklqana.
  1392 | D:2      | Found a shattered altar of Ashenzari.
  1623 | D:3      | Reached skill level 5 in Axes
  1704 | D:3      | Noticed an ogre
  1710 | D:3      | Killed an ogre
  1710 | D:3      | Reached * piety under Okawaru
  1710 | D:3      | Reached skill level 6 in Axes
  1710 | D:3      | Reached XP level 4. HP: 28/39 MP: 3/3
  1710 | D:3      | Reached XP level 5. HP: 32/45 MP: 4/4
  1950 | D:3      | Found a shadowy altar of Dithmenos.
  2030 | D:3      | Found an opulent altar of Gozag.
  2167 | D:3      | Found a runed door.
  2171 | D:3      | Noticed Crazy Yiuf
  2177 | D:3      | Killed Crazy Yiuf
  2177 | D:3      | Reached skill level 7 in Axes
  2497 | D:4      | Reached XP level 6. HP: 24/51 MP: 5/5
  2713 | D:4      | Reached skill level 8 in Axes
  2773 | D:4      | Found a burning altar of Makhleb.
  3052 | D:4      | Reached skill level 9 in Axes
  3123 | D:4      | Reached ** piety under Okawaru
  3450 | D:5      | Entered Level 5 of the Dungeon
  3469 | D:5      | Reached XP level 7. HP: 57/57 MP: 6/6
  3508 | D:5      | Mangled by an orc warrior

Vault maps used:
D:1:      kilobyte_arrival_exit_the_forest
D:2:      marbit_many_paths, overflow_temple_1_default,
          okawaru_ov_weapons_minmay
D:3:      nicolae_dithmenos_through_a_glass_darkly,
          lemuel_coloured_pillars_altar, first_ration, uniq_crazy_yiuf_cottage
D:4:      old_standard_altar, kennysheep_opposing_triangles
D:5:      temple_doors_e, portal_sewer_entry_d

Skill      XL: |  1  2  3  4  5  6 |
---------------+-------------------+-----
Axes           | 3 4 6 7 9 |  9.6
Fighting       | |  3.6
Armour         | |  3.6
Shields        | |  3.6

Action                   |  1- 3 |  4- 6 |  7- 9 || total
-------------------------+-------+-------+-------++-------
Melee: War axe           |    80 |    74 |    17 ||   171
       Headbutt          |     6 |    13 |     1 ||    20
  Use: Scroll            |    10 |     5 |       ||    15
       Potion            |     2 |       |       ||     2
  Eat: Chunk             |     3 |     3 |       ||     6
       Ration            |       |     1 |       ||     1
Armor: Scale mail        |    29 |       |       ||    29
       Chain mail        |    29 |    68 |    11 ||   108
Dodge: Dodged            |    46 |    26 |     5 ||    77

Table legend:
 A = Spawn XP
 B = Non-spawn XP
 C = Spawn XP percentage of total XP
 D = Spawn monster count
 E = Non-spawn monster count
 F = Spawn count percentage of total count
 G = Total turns spent on level
                    A         B        C        D         E        F      G
               +---------+---------+-------+---------+---------+-------+---------
         Total |       0 |     882 |   0.0 |       0 |      78 |   0.0 |  3508
               +---------+---------+-------+---------+---------+-------+---------
           D:1 |       0 |      29 |   0.0 |       0 |      17 |   0.0 |   725
           D:2 |       0 |      42 |   0.0 |       0 |      18 |   0.0 |   869
           D:3 |       0 |     208 |   0.0 |       0 |      19 |   0.0 |   718
           D:4 |       0 |     452 |   0.0 |       0 |      16 |   0.0 |  1138
           D:5 |       0 |     151 |   0.0 |       0 |       8 |   0.0 |    58
               +---------+---------+-------+---------+---------+-------+---------
